TOP OF THE 1ST |
University of Minnesota Golden Gophers batting - Pitching for University of Conneticut Huskies : RHP Jordan Watkins
|
Pitching: RHP Jordan Watkins
|
|
Batting: LHB Alex Villa
|
0-0: Fly out, F9 (Flyball, 89M, EV 83.8 MPH)
|
Batting: RHB Tatsuyoshi Ikeda
|
0-0: Foul Ball, location: 2F 0-1: Ball 1-1: Ball 2-1: Reached on error, E6 (Groundball, 6, EV 78.8 MPH)
|
Batting: LHB Dick Shafer
|
0-0: Ball 1-0: Ball Tatsuyoshi Ikeda steals 2nd base (no throw) 2-0: Ball 3-0: Foul Ball, location: 2F 3-1: Called Strike 3-2: Strikes out swinging
|
Batting: RHB Ozzie Buendia
|
0-0: Swinging Strike 0-1: Ball 1-1: Foul Ball, location: 2F 1-2: Strikes out looking
|
Top of the 1st over - 0 runs, 0 hits, 1 error, 1 left on base; University of Minnesota 0 - University of Conneticut 0 |
BOTTOM OF THE 1ST |
University of Conneticut Huskies batting - Pitching for University of Minnesota Golden Gophers : RHP Danny Colon
|
Pitching: RHP Danny Colon
|
|
Batting: RHB Kyle Finney
|
0-0: DOUBLE (Groundball, 5L, EV 100.6 MPH)
|
Batting: LHB Andrew Barzee
|
0-0: SINGLE (Groundball, 56D, EV 103.8 MPH) Kyle Finney to third
|
Batting: LHB Hector Acosta
|
0-0: Swinging Strike 0-1: Swinging Strike 0-2: Strikes out swinging
|
Batting: RHB Roku Kawano
|
0-0: Called Strike Andrew Barzee steals 2nd, throwing error, E2 Kyle Finney scores Andrew Barzee to third 0-1: Ground out 5-3 (Groundball, 5, EV 80.0 MPH)
|
Batting: RHB Phil Hilton
|
0-0: Called Strike 0-1: Ball 1-1: Ball Wild Pitch! Andrew Barzee scores 2-1: Swinging Strike 2-2: Foul Ball, location: 2F 2-2: Ball 3-2: Base on Balls
|
Batting: LHB Greg James
|
0-0: Ball 1-0: Ball Phil Hilton is caught stealing 2nd base 2-6
|
Bottom of the 1st over - 2 runs, 2 hits, 1 error, 0 left on base; University of Minnesota 0 - University of Conneticut 2 |
TOP OF THE 2ND |
University of Minnesota Golden Gophers batting - Pitching for University of Conneticut Huskies : RHP Jordan Watkins
|
Batting: LHB Jose Moncada
|
0-0: Ball 1-0: Ball 2-0: Fly out, F7 (Flyball, 78S, EV 93.8 MPH)
|
Batting: RHB Ron Gooch
|
0-0: Reached on error, E6 (Groundball, 6, EV 80.6 MPH)
|
Batting: LHB Ivan Villegas
|
0-0: Ball 1-0: Called Strike 1-1: Called Strike 1-2: Foul Ball, location: 2F 1-2: Ball 2-2: Foul Ball, location: 2F 2-2: Ball 3-2: Grounds into double play, 6-4-3 (Groundball, 6, EV 108.8 MPH)
|
Top of the 2nd over - 0 runs, 0 hits, 1 error, 0 left on base; University of Minnesota 0 - University of Conneticut 2 |
BOTTOM OF THE 2ND |
University of Conneticut Huskies batting - Pitching for University of Minnesota Golden Gophers : RHP Danny Colon
|
Batting: LHB Greg James
|
0-0: Called Strike 0-1: Foul Ball, location: 2F 0-2: Ball 1-2: Ball 2-2: Strikes out swinging
|
Batting: RHB Victor Ramos
|
0-0: Called Strike 0-1: Ball 1-1: SINGLE (Groundball, 6S, EV 68.1 MPH) (infield hit)
|
Batting: RHB Jordan Nicholas
|
0-0: Called Strike 0-1: Called Strike 0-2: Ball 1-2: Ball 2-2: SINGLE (Flyball, 8RS, EV 95.0 MPH) Victor Ramos to second
|
Batting: RHB Jack Vokey
|
0-0: Ball 1-0: Swinging Strike 1-1: Called Strike Victor Ramos is caught stealing 3rd base 2-5 Jordan Nicholas to second 1-2: Foul Ball, location: 2F 1-2: Foul Ball, location: 2F 1-2: Strikes out looking
|
Bottom of the 2nd over - 0 runs, 2 hits, 0 errors, 1 left on base; University of Minnesota 0 - University of Conneticut 2 |
TOP OF THE 3RD |
University of Minnesota Golden Gophers batting - Pitching for University of Conneticut Huskies : RHP Jordan Watkins
|
Batting: LHB Bobby Agterberg
|
0-0: Called Strike 0-1: Ball 1-1: Swinging Strike 1-2: Strikes out swinging
|
Batting: RHB Jason Mooris
|
0-0: Foul Ball, location: 2F 0-1: Called Strike 0-2: Reached on error, E5 (Groundball, 56, EV 94.4 MPH)
|
Batting: LHB Alex Villa
|
0-0: Ball 1-0: Called Strike 1-1: Swinging Strike 1-2: Ball 2-2: Ball 3-2: Strikes out looking
|
Batting: RHB Tatsuyoshi Ikeda
|
0-0: Fielders Choice at 2nd, 6-4 (Groundball, 6, EV 105.6 MPH)
|
Top of the 3rd over - 0 runs, 0 hits, 1 error, 1 left on base; University of Minnesota 0 - University of Conneticut 2 |
BOTTOM OF THE 3RD |
University of Conneticut Huskies batting - Pitching for University of Minnesota Golden Gophers : RHP Danny Colon
|
Batting: RHB Kyle Finney
|
0-0: Fly out, F9 (Flyball, 89XD, EV 95.0 MPH)
|
Batting: LHB Andrew Barzee
|
0-0: Called Strike 0-1: Fly out, F7 (Flyball, 7, EV 85.6 MPH)
|
Batting: LHB Hector Acosta
|
0-0: Fly out, F7 (Flyball, 7S, EV 93.8 MPH)
|
Bottom of the 3rd over - 0 runs, 0 hits, 0 errors, 0 left on base; University of Minnesota 0 - University of Conneticut 2 |
TOP OF THE 4TH |
University of Minnesota Golden Gophers batting - Pitching for University of Conneticut Huskies : RHP Jordan Watkins
|
Batting: LHB Dick Shafer
|
0-0: Called Strike 0-1: Ball 1-1: Ground out 6-3 (Groundball, 6, EV 105.6 MPH)
|
Batting: RHB Ozzie Buendia
|
0-0: Foul Ball, location: 2F 0-1: Foul Ball, location: 2F 0-2: Ball 1-2: Strikes out swinging
|
Batting: LHB Jose Moncada
|
0-0: Called Strike 0-1: Swinging Strike 0-2: Foul Ball, location: 2F 0-2: Strikes out looking
|
Top of the 4th over - 0 runs, 0 hits, 0 errors, 0 left on base; University of Minnesota 0 - University of Conneticut 2 |
BOTTOM OF THE 4TH |
University of Conneticut Huskies batting - Pitching for University of Minnesota Golden Gophers : RHP Danny Colon
|
Batting: RHB Roku Kawano
|
0-0: Ground out 6-3 (Groundball, 6, EV 90.6 MPH)
|
Batting: RHB Phil Hilton
|
0-0: Ball 1-0: Ball 2-0: Called Strike 2-1: Ball 3-1: Base on Balls
|
Batting: LHB Greg James
|
0-0: Fly out, F9 (Flyball, 9LMF, EV 81.9 MPH)
|
Batting: RHB Victor Ramos
|
0-0: Ball 1-0: Foul Ball, location: 2F 1-1: Called Strike 1-2: Strikes out swinging
|
Bottom of the 4th over - 0 runs, 0 hits, 0 errors, 1 left on base; University of Minnesota 0 - University of Conneticut 2 |
TOP OF THE 5TH |
University of Minnesota Golden Gophers batting - Pitching for University of Conneticut Huskies : RHP Jordan Watkins
|
Batting: RHB Ron Gooch
|
0-0: Called Strike 0-1: Called Strike 0-2: Ball 1-2: Strikes out swinging
|
Batting: LHB Ivan Villegas
|
0-0: Ball 1-0: Foul Ball, location: 2F 1-1: Ball 2-1: Ball 3-1: Base on Balls
|
Batting: LHB Bobby Agterberg
|
0-0: Ball 1-0: Swinging Strike 1-1: Ball 2-1: Foul Ball, location: 2F 2-2: 2-RUN HOME RUN (Flyball, 7D, EV 98.8 MPH), Distance : 394 ft
|
Batting: RHB Jason Mooris
|
0-0: Called Strike 0-1: Ball 1-1: Foul Ball, location: 2F 1-2: Strikes out looking
|
Batting: LHB Alex Villa
|
0-0: Ball 1-0: Fly out, F9 (Flyball, 9LSF, EV 89.4 MPH)
|
Top of the 5th over - 2 runs, 1 hit, 0 errors, 0 left on base; University of Minnesota 2 - University of Conneticut 2 |
BOTTOM OF THE 5TH |
University of Conneticut Huskies batting - Pitching for University of Minnesota Golden Gophers : RHP Danny Colon
|
Batting: RHB Jordan Nicholas
|
0-0: Foul Ball, location: 2F 0-1: Ball 1-1: Called Strike 1-2: Ball 2-2: Ball 3-2: Fly out, F8 (Flyball, 78M, EV 97.5 MPH)
|
Batting: RHB Jack Vokey
|
0-0: Ball 1-0: Called Strike 1-1: SINGLE (Groundball, 56, EV 108.1 MPH)
|
Batting: RHB Kyle Finney
|
0-0: Ball 1-0: Ball 2-0: Ball 3-0: Called Strike 3-1: Base on Balls Jack Vokey to second
|
Batting: LHB Andrew Barzee
|
0-0: Foul Ball, location: 2F 0-1: Fielders Choice at 2nd, 5-4 (Groundball, 56, EV 81.9 MPH) Jack Vokey to third
|
Batting: LHB Hector Acosta
|
0-0: Ball 1-0: Ball 2-0: Called Strike 2-1: DOUBLE (Line Drive, 9LM, EV 108.8 MPH) Jack Vokey scores Andrew Barzee to third Runner from 3rd tries for Home, SAFE, throw by RF to home
|
Batting: RHB Roku Kawano
|
0-0: Foul Ball, location: 2F 0-1: Foul Ball, location: 2F 0-2: Ball 1-2: Foul Ball, location: 2F 1-2: Foul Ball, location: 2F 1-2: Fly out, F3 (Popup, 3F, EV 61.2 MPH)
|
Bottom of the 5th over - 2 runs, 2 hits, 0 errors, 1 left on base; University of Minnesota 2 - University of Conneticut 4 |
TOP OF THE 6TH |
University of Minnesota Golden Gophers batting - Pitching for University of Conneticut Huskies : RHP Jordan Watkins
|
Batting: RHB Tatsuyoshi Ikeda
|
0-0: Foul Ball, location: 2F 0-1: Ball 1-1: Ball 2-1: Foul Ball, location: 2F 2-2: Ball 3-2: Foul Ball, location: 2F 3-2: Strikes out looking
|
Pitching: RHP Nick Rice
|
|
Batting: LHB Dick Shafer
|
0-0: Fly out, F9 (Line Drive, 9S, EV 104.4 MPH)
|
Batting: RHB Ozzie Buendia
|
0-0: Ball 1-0: Ball 2-0: Called Strike 2-1: Swinging Strike 2-2: Ground out 6-3 (Groundball, 6, EV 90.0 MPH)
|
Top of the 6th over - 0 runs, 0 hits, 0 errors, 0 left on base; University of Minnesota 2 - University of Conneticut 4 |
BOTTOM OF THE 6TH |
University of Conneticut Huskies batting - Pitching for University of Minnesota Golden Gophers : RHP Danny Colon
|
Pitching: RHP Dan Lupo
|
|
Batting: RHB Phil Hilton
|
0-0: Foul Ball, location: 2F 0-1: Ball 1-1: Ground out 5-3 (Groundball, 56, EV 80.0 MPH)
|
Batting: LHB Greg James
|
0-0: Ball 1-0: SOLO HOME RUN (Flyball, 9LD, EV 96.2 MPH), Distance : 355 ft
|
Batting: RHB Victor Ramos
|
0-0: Called Strike 0-1: Ball 1-1: Called Strike 1-2: Strikes out looking
|
Batting: RHB Jordan Nicholas
|
0-0: Swinging Strike 0-1: Ball 1-1: Ball 2-1: Ball 3-1: Foul Ball, location: 2F 3-2: Base on Balls
|
Batting: RHB Jack Vokey
|
0-0: Called Strike Jordan Nicholas is caught stealing 2nd base 2-4
|
Bottom of the 6th over - 1 run, 1 hit, 0 errors, 0 left on base; University of Minnesota 2 - University of Conneticut 5 |
TOP OF THE 7TH |
University of Minnesota Golden Gophers batting - Pitching for University of Conneticut Huskies : RHP Nick Rice
|
Batting: LHB Jose Moncada
|
0-0: Called Strike 0-1: Called Strike 0-2: Ball 1-2: Ball 2-2: Ground out U3 (Groundball, 34S, EV 81.9 MPH)
|
Batting: RHB Ron Gooch
|
0-0: Ball 1-0: Foul Ball, location: 2F 1-1: Foul Ball, location: 2F 1-2: Fly out, F7 (Flyball, 7D, EV 84.4 MPH)
|
Batting: LHB Ivan Villegas
|
0-0: Ball 1-0: Foul Ball, location: 2F 1-1: SINGLE (Groundball, P, EV 87.5 MPH) (infield hit)
|
Batting: LHB Bobby Agterberg
|
0-0: Called Strike 0-1: Called Strike 0-2: Foul Ball, location: 2F 0-2: Ball 1-2: Strikes out swinging
|
Top of the 7th over - 0 runs, 1 hit, 0 errors, 1 left on base; University of Minnesota 2 - University of Conneticut 5 |
BOTTOM OF THE 7TH |
University of Conneticut Huskies batting - Pitching for University of Minnesota Golden Gophers : RHP Dan Lupo
|
Batting: RHB Jack Vokey
|
0-0: Ball 1-0: Ball 2-0: Ball 3-0: Called Strike 3-1: Base on Balls
|
Batting: RHB Kyle Finney
|
0-0: Bunt missed! 0-1: Bunted foul 0-2: Ball 1-2: Foul Ball, location: 2F 1-2: Grounds out, U3 (Groundball, 3L, EV 106.9 MPH)
|
Batting: LHB Andrew Barzee
|
0-0: Ball 1-0: Ball 2-0: 2-RUN HOME RUN (Flyball, 89XD, EV 105.6 MPH), Distance : 421 ft
|
Pitching: RHP Jason Jacobs
|
|
Batting: LHB Hector Acosta
|
0-0: Foul Ball, location: 2F 0-1: Ball 1-1: Ground out 4-3 (Groundball, 4S, EV 68.8 MPH)
|
Batting: RHB Roku Kawano
|
0-0: Swinging Strike 0-1: Foul Ball, location: 2F 0-2: DOUBLE (Flyball, 8LXD, EV 100.0 MPH)
|
Batting: RHB Phil Hilton
|
0-0: Ball 1-0: Foul Ball, location: 2F 1-1: Ball 2-1: Swinging Strike 2-2: Ball 3-2: SINGLE (Groundball, 6MS, EV 85.0 MPH) (infield hit) Roku Kawano to third
|
Batting: LHB Greg James
|
0-0: Fly out, F8 (Line Drive, 8LD, EV 91.9 MPH)
|
Bottom of the 7th over - 2 runs, 3 hits, 0 errors, 2 left on base; University of Minnesota 2 - University of Conneticut 7 |
TOP OF THE 8TH |
University of Minnesota Golden Gophers batting - Pitching for University of Conneticut Huskies : RHP Nick Rice
|
Batting: RHB Jason Mooris
|
0-0: Fly out, F7 (Flyball, 7LM, EV 98.8 MPH)
|
Batting: LHB Alex Villa
|
0-0: Fly out, F8 (Flyball, 78D, EV 85.0 MPH)
|
Batting: RHB Tatsuyoshi Ikeda
|
0-0: Ball 1-0: SINGLE (Line Drive, 7S, EV 105.0 MPH)
|
Batting: LHB Dick Shafer
|
0-0: Ball 1-0: Called Strike 1-1: Foul Ball, location: 2F 1-2: Strikes out swinging
|
Top of the 8th over - 0 runs, 1 hit, 0 errors, 1 left on base; University of Minnesota 2 - University of Conneticut 7 |
BOTTOM OF THE 8TH |
University of Conneticut Huskies batting - Pitching for University of Minnesota Golden Gophers : RHP Jason Jacobs
|
Batting: RHB Victor Ramos
|
0-0: Foul Ball, location: 2F 0-1: Called Strike 0-2: Ball 1-2: Hit by Pitch
|
Batting: RHB Jordan Nicholas
|
0-0: Called Strike 0-1: Ball 1-1: Ball 2-1: Ball 3-1: Fly out, F9 (Flyball, 89M, EV 88.8 MPH)
|
Batting: RHB Jack Vokey
|
0-0: Called Strike 0-1: Ball Victor Ramos is caught stealing 2nd base 2-4 1-1: Swinging Strike 1-2: Strikes out swinging
|
Bottom of the 8th over - 0 runs, 0 hits, 0 errors, 0 left on base; University of Minnesota 2 - University of Conneticut 7 |
TOP OF THE 9TH |
University of Minnesota Golden Gophers batting - Pitching for University of Conneticut Huskies : RHP Nick Rice
|
Batting: RHB Ozzie Buendia
|
0-0: Foul Ball, location: 2F 0-1: Ball 1-1: Called Strike 1-2: Ball 2-2: Fly out, F8 (Line Drive, 8LM, EV 90.0 MPH)
|
Batting: LHB Jose Moncada
|
0-0: Ball 1-0: Called Strike 1-1: Swinging Strike 1-2: Strikes out swinging
|
Batting: RHB Ron Gooch
|
0-0: Ball 1-0: Ball 2-0: Ball 3-0: Swinging Strike 3-1: Called Strike 3-2: Strikes out looking
|
Top of the 9th over - 0 runs, 0 hits, 0 errors, 0 left on base; University of Minnesota 2 - University of Conneticut 7 |
|